 Dungeon Crawl Stone Soup version 0.32-a0-468-g38b2580584 (webtiles) character file.

Game seed: 9784323220489742602

3 Goblin1989 the Sneak (level 1, -1/18 HPs)
             Began as a Demonspawn Delver on Feb 24, 2024.
             Slain by an adder (3 damage)
             ... on level 3 of the Dungeon.
             The game lasted 00:00:48 (66 turns).

Goblin1989 the Sneak (Demonspawn Delver)              Turns: 66, Time: 00:00:49

Health: -1/18      AC:  3    Str: 12    XL:     1   Next: 41%
Magic:  1/1        EV: 11    Int: 10    God:
Gold:   13         SH:  0    Dex: 14    Spells: 0/0 levels left

rFire   . . .        a - +0 short sword
rCold   . . .        (no shield)
rNeg    . . .        b - +0 leather armour
rPois   .            (no helmet)
rElec   .            (no cloak)
rCorr   .            (no gloves)
SInv    .            (no boots)
Will    .....        (no amulet)
Stlth   +++          (no ring)
HPRegen 0.23/turn    (no ring)
MPRegen 0.07/turn

%: no passive effects
@: lethally poisoned (-1 -> -5), hasted, very quick
A: no striking features
a: no special abilities


You were on level 3 of the Dungeon.
You visited 1 branch of the dungeon, and saw 3 of its levels.

You collected 13 gold pieces.

Inventory:

Hand Weapons
 a - a +0 short sword (weapon)
Armour
 b - a +0 leather armour (worn)
Wands
 g - a wand of digging (3) {@v3}
 h - a wand of flame (22) {@v1}
Scrolls
 c - a scroll of fog
 d - a scroll of revelation
 e - a scroll of fear


   Skills:
 - Level 3.0 Fighting
 + Level 1.9 Short Blades
 - Level 1.7 Dodging
 + Level 4.6 Stealth


You couldn't memorise any spells.
You didn't know any spells.
Your spell library was empty.

Dungeon Overview and Level Annotations

Branches:
Dungeon (5/15) Zot: 17935
 Temple: D:4-7

Altars:
Sif Muna


Message History

Bad monster_list_colour key: strict_neutral Options error: Unknown explore stop condition 'gates' (Goblin1989.rc:83) Welcome, Goblin1989 the Demonspawn Delver.
The heart of this dungeon contains the incredible artefact, the Orb of Zot.
Press ? for a list of commands and other information.
Found 13 gold pieces.
Found a stone staircase leading down.
You now have 13 gold pieces.
An orc comes into view. It is wielding a +0 hand axe.
The orc hits you with a +0 hand axe.
You take 2 damage, and have 16/18 hp.
You hit the orc.
The orc is severely wounded.
You closely miss the orc.
The orc is severely wounded.
The orc barely misses you.
You closely miss the orc.
The orc is severely wounded.
The orc closely misses you.
You hit the orc.
You kill the orc!
Things that are here:
a +0 hand axe; an orc corpse; Health restored: 18
Found a shimmering blue altar of Sif Muna.
Found an escape hatch in the ceiling.
Found a crooked gold wand.
Found a stone staircase leading up.
Found a stone staircase leading up.
An orc comes into view. It is wielding a +0 dagger of venom.
You see here a wand of flame (22) {@v1}.
h - a wand of flame (22) {@v1} The orc shouts!
A quokka comes into view.
An orc comes into view. It is wielding a +0 club.
There is an escape hatch in the ceiling here.
A mysterious force pulls you upwards. The hatch slams shut behind you.
Found two stone staircases leading down and a stone staircase leading up.
Found 14 gold pieces and a sapphire potion.
A goblin comes into view. It is wielding a +0 dagger.
The hobgoblin shouts!
The goblin shouts!
The hobgoblin closely misses you.
There is a stone staircase leading up here.
You barely miss the hobgoblin. You hit the hobgoblin.
The hobgoblin is moderately wounded.
The hobgoblin hits you.
You take 4 damage, and have 14/18 hp.
MASSIVE DAMAGE!!
You closely miss the hobgoblin.
The hobgoblin is moderately wounded.
The hobgoblin closely misses you. The hobgoblin hits you.
You climb upwards.
There is a stone staircase leading down here.
You take 2 damage, and have 13/18 hp.
You hit the hobgoblin.
The hobgoblin is heavily wounded.
The hobgoblin barely misses you.
Unknown command.
You hit the hobgoblin.
You kill the hobgoblin!
You see here a hobgoblin corpse.
You closely miss the adder. The adder bites you.
You are poisoned.
The adder poisons you!
You take 1 damage, and have 13/18 hp.
You hit the adder but do no damage.
You feel sick. The adder barely misses you.
You take 2 damage, and have 11/18 hp.
You closely miss the adder.
You feel sick. The adder bites you but does no damage.
You take 1 damage, and have 10/18 hp.
You hit the adder.
The adder is lightly wounded.
The adder bites you. The adder closely misses you.
You take 1 damage, and have 9/18 hp.
You barely miss the adder.
The adder is lightly wounded.
You feel sick. The adder bites you.
* * * LOW HITPOINT WARNING * * *
You are lethally poisoned!
The adder poisons you!
You take 3 damage, and have 6/18 hp.
You feel yourself speed up.
* * * LOW HITPOINT WARNING * * *
You feel sick. The adder closely misses you.
You take 2 damage, and have 4/18 hp.
You barely miss the adder.
The adder is lightly wounded.
* * * LOW HITPOINT WARNING * * *
You feel sick. The adder bites you but does no damage.
You take 1 damage, and have 3/18 hp.
You barely miss the adder.
* * * LOW HITPOINT WARNING * * *
You feel sick. The adder bites you.
You die...

♣♣♣♣
♣>.♣♣
♣♣@S♣
♣♣♣...♣
♣♣... ♣


You could see an adder.

Vanquished Creatures
  An orc (D:5)
  A hobgoblin (D:3)
2 creatures vanquished.

Notes
Turn   | Place    | Note
-------+----------+-------------------------------------------
     0 | D:5      | Goblin1989 the Demonspawn Delver began the quest for the
                  | Orb.
     0 | D:5      | Reached XP level 1. HP: 18/18 MP: 1/1
    20 | D:5      | Found a shimmering blue altar of Sif Muna.
    66 | D:3      | Slain by an adder

Illustrated notes

Levels and vault maps discovered:
D:3:      kb_forest_paths, layout_loops_ring, bloody_makhleb, nicolae_the_louvre
D:4:      layout_rooms, nicolae_gozag_cash_rules_everything_around_me,
          serial_shops, nicolae_stop_n_shop_2
D:5:      layout_rooms, mainiacjoe_overflow_alcove_2, uniq_blork_the_orc

Action                     || total
---------------------------++-------
  Melee: Short sword       ||    16
    Use: Potion            ||     1
 Armour: Leather armour    ||     9
  Dodge: Dodged            ||     8

Table legend: (Time is in decaauts)
 A = Elapsed time spent in this place.
 B = Non-inter-level travel time spent in this place.
 C = Inter-level travel time spent in this place.
 D = Time resting spent in this place.
 E = Time spent auto-exploring this place.
 F = Levels seen in this place.
 G = Mean time per level.
                   A        B        C        D        E       F      G
               +--------+--------+--------+--------+--------+-----+--------+
         Total |     64 |     64 |      0 |      0 |      0 |   3 |   21.3 |
       Dungeon |     64 |     64 |      0 |      0 |      0 |   3 |   21.3 |
               +--------+--------+--------+--------+--------+-----+--------+

Top non-repeatable levels by time:
     D:5: 43 daAuts
     D:4: 10 daAuts
     D:3: 9 daAuts
